 Dungeon Crawl Stone Soup version 0.29.1-12-g30fa7ad0bf (webtiles) character file.

Game seed: 8986008722734283528

11084 cheesebisquit the Grappler (level 11, 0/111 HPs)
             Began as a Troll Fighter on Jan 17, 2023.
             Was an Initiate of Wu Jian.
             Slain by a boulder beetle (21 damage)
             ... on level 11 of the Dungeon.
             The game lasted 00:44:14 (9909 turns).

cheesebisquit the Grappler (Troll Fighter)          Turns: 9909, Time: 00:44:14

Health: 0/111      AC:  8    Str: 26    XL:     11   Next: 44%
Magic:  10/10      EV:  9    Int:  8    God:    Wu Jian [......]
Gold:   2134       SH:  9    Dex:  9    Spells: 10/10 levels left

rFire   . . .      SeeInvis .     - Unarmed
rCold   . . .      Faith    .   N - +0 kite shield
rNeg    . . .      Spirit   .   b - +0 acid dragon scales
rPois   +          Reflect  .   (helmet restricted)
rElec   .          Harm     +   y - scarf {harm}
rCorr   +          Rampage  .   (gloves unavailable)
Will    .....                   (boots unavailable)
Stlth   +.........              w - amulet of the acrobat
HPRegen 1.08/turn               F - ring of poison resistance
MPRegen 0.12/turn               k - +4 ring of slaying

@: no status effects
A: large, unfitting armour, claws 3, regeneration 1, shaggy fur 1, tough skin 1
a: Renounce Religion


You were on level 11 of the Dungeon.
You worshipped Wu Jian.
Wu Jian was noncommittal.
You visited 2 branches of the dungeon, and saw 12 of its levels.
You also visited: Sewer and Bailey.

You collected 2178 gold pieces.
You spent 44 gold pieces at shops.

Inventory:

Missiles
 g - 28 poisoned darts (quivered)
 j - a curare-tipped dart
Armour
 b - +0 acid dragon scales (worn)
 c - a +0 cloak
 y - a scarf of harm (worn)
 H - +0 steam dragon scales
 N - a +0 kite shield (worn)
Jewellery
 k - a +4 ring of slaying (right claw)
 w - an amulet of the acrobat (around neck)
 F - a ring of poison resistance (left claw)
 J - a ring of flight
 M - a ring of see invisible
Wands
 a - a wand of iceblast (8)
 B - a wand of flame (22)
 E - a wand of paralysis (18)
 I - a wand of acid (3)
Scrolls
 d - a scroll of enchant weapon
 h - a scroll of brand weapon {unknown}
 i - 2 scrolls of enchant armour {unknown}
 l - 2 scrolls of teleportation {unknown}
 m - 2 scrolls of silence {unknown}
 n - 4 scrolls of immolation
 o - 3 scrolls of amnesia
 s - a scroll of magic mapping {unknown}
 z - a scroll of butterflies {unknown}
 C - 2 scrolls of poison
 G - a scroll of torment {unknown}
 L - 3 scrolls of identify
Potions
 e - 10 potions of curing
 f - 5 potions of attraction
 p - a potion of haste {unknown}
 q - a potion of resistance {unknown}
 r - 3 potions of berserk rage
 t - 6 potions of flight
 u - a potion of magic {unknown}
 v - 3 potions of ambrosia
 x - 4 potions of brilliance {unknown}
 D - a potion of mutation {unknown}
 K - 2 potions of lignification {unknown}
Miscellaneous
 A - a phantom mirror


   Skills:
 + Level 7.8 Fighting
 + Level 5.1 Dodging
 + Level 8.5 Shields
 * Level 12.5 Unarmed Combat


You had 10 spell levels left.
You didn't know any spells.
Your spell library contained the following spells:

 Spells                   Type           Power      Damage    Failure   Level
 Necrotise                Necr           0%         1d4       71%         1
 Ensorcelled Hibernation  Hex/Ice        0%         N/A       85%         2
 Passwall                 Tmut/Erth      0%         N/A       85%         2
 Poisonous Vapours        Pois/Air       0%         N/A       85%         2
 Scorch                   Fire           0%         2d5       85%         2
 Swiftness                Air            0%         N/A       97%         3
 Corpse Rot               Necr/Pois/Air  0%         N/A       100%        4
 Dispel Undead            Necr           0%         3d6       100%        4
 Flame Wave               Conj/Fire      0%         2d4       100%        4
 Summon Lightning Spire   Summ/Air       0%         N/A       100%        4
 Fireball                 Conj/Fire      0%         3d3       100%        5
 Iskenderun's Battlesphe  Conj           0%         2d6       100%        5
 Conjure Ball Lightning   Conj/Air       0%         3x3d6     100%        6
 Death Channel            Necr           0%         N/A       100%        6
 Summon Cactus Giant      Summ           0%         N/A       100%        6
 Orb of Destruction       Conj           0%         9d5       100%        7
 Storm Form               Tmut/Air       0%         N/A       100%        7
 Maxwell's Capacitive Co  Air            0%         ∞         100%        8


Dungeon Overview and Level Annotations

Branches:
Dungeon (11/15)            Temple (1/1) D:7            Lair (0/5) D:9
  Sewer (visited)          Bailey (visited)
    Orc: D:9-12

Altars:
Ashenzari
Cheibriados
Dithmenos
Elyvilon
Fedhas
Gozag
Hepliaklqana
Kikubaaqudgha
Makhleb
Nemelex Xobeh
Okawaru
Qazlal
Ru
Sif Muna
Trog
Uskayaw
Vehumet
Wu Jian
Xom
Yredelemnul
Zin
The Shining One

Shops:
D:6 *   D:8 ?


Innate Abilities, Weirdness & Mutations

You are too large for most types of armour.
You have claws for hands.
Your natural rate of healing is unusually fast.
You are covered in fur. (AC +1)
You have tough skin. (AC +1)


Message History

You kill the yak!
The Council accepts your kill.
You start resting.
HP restored.
You see here a yak corpse.
You see here the +1 helmet "Tiet" {Str+5}.
Done exploring.
There is a stone staircase leading down here.
You climb downwards.
Found a scroll of amnesia and 12 gold pieces.
Found a stone staircase leading up.
There is a stone staircase leading up here.
You now have 2134 gold pieces (gained 12).
o - 3 scrolls of amnesia (gained 1)
A boulder beetle comes into view.
The boulder beetle curls into a ball and begins rolling!
Okay, then.
You mangle the boulder beetle!!
The boulder beetle is moderately wounded.
The boulder beetle hits you!!
The boulder beetle stops rolling and uncurls.
You scratch the boulder beetle.
The boulder beetle is moderately wounded.
The boulder beetle completely misses you.
You scratch the boulder beetle but do no damage.
The boulder beetle is moderately wounded.
The boulder beetle bites you!!
You scratch the boulder beetle but do no damage.
The boulder beetle is moderately wounded.
You mangle the boulder beetle!!
The boulder beetle is severely wounded.
The boulder beetle bites you!
You scratch the boulder beetle but do no damage.
The boulder beetle is severely wounded.
The boulder beetle bites you!!
* * * LOW HITPOINT WARNING * * *
Okay, then.
Okay, then.
You feel better. The boulder beetle bites you!!
You die...

######### #........ ####
#........ ...#####
#........
##.....#########......?.
#####..................
###########@B......
###.##### ○# ○. .# .. ..


You could see a boulder beetle.

Vanquished Creatures
  A two-headed ogre (D:10)
  2 death yaks
  2 orc knights (Bailey)
  Pikel (D:5)
  A manticore (D:9)
  2 hornets
  Grinder (D:6)
  Sigmund (D:2)
  11 yaks
  A wraith (D:10)
  3 steam dragons
  Edmund (D:5)
  A water moccasin (D:4)
  3 acid dragons
  3 sky beasts
  Pargi (Sewer)
  2 ice beasts (D:6)
  6 orc warriors
  A black bear (D:5)
  A hornet zombie (D:6)
  2 ogres
  3 centaurs
  2 kobold brigands
  4 bullfrogs
  5 necrophages
  A gnoll sergeant (D:8)
  A wyvern zombie (D:6)
  A water moccasin zombie (D:6)
  6 wights
  6 killer bees (D:9)
  A howler monkey (D:8)
  A centaur zombie (D:6)
  A hound (D:4)
  A bullfrog zombie (D:6)
  A human zombie (D:6)
  3 orc priests
  A gnoll bouda (D:8)
  Crazy Yiuf (D:6)
  4 hell rats (D:9)
  2 iguanas
  6 orc wizards
  Natasha (thrice) (D:2)
  3 killer bee zombies (D:6)
  2 mummies (D:6)
  10 adders
  11 gnolls
  4 river rats
  3 white imps
  A worm (D:3)
  28 orcs
  2 endoplasms
  6 giant cockroaches
  19 goblins
  10 hobgoblins
  2 jackals (D:3)
  5 quokkas
  A ball python (D:1)
  10 bats
  2 frilled lizards
  15 kobolds
  7 rats
  A bush (D:9)
243 creatures vanquished.

Vanquished Creatures (others)
  An orc (D:8)
  A bush (D:9)
2 creatures vanquished.

Grand Total: 245 creatures vanquished

Notes
Turn   | Place    | Note
-------+----------+-------------------------------------------
     0 | D:1      | cheesebisquit the Troll Fighter began the quest for the
                  | Orb.
     0 | D:1      | Reached XP level 1. HP: 22/22 MP: 0/0
   214 | D:1      | Found a faded altar of an unknown god.
   234 | D:1      | Reached XP level 2. HP: 29/29 MP: 1/1
   423 | D:2      | Noticed Sigmund
   428 | D:2      | Noticed Natasha
   438 | D:2      | Noticed a crimson imp
   660 | D:2      | Killed Sigmund
   661 | D:2      | Reached skill level 4 in Unarmed Combat
   661 | D:2      | Reached XP level 3. HP: 26/37 MP: 2/2
   661 | D:2      | Reached XP level 4. HP: 32/45 MP: 3/3
   661 | D:2      | Reached XP level 5. HP: 38/53 MP: 4/4
   776 | D:2      | Killed Natasha
   805 | D:2      | Noticed Natasha
   810 | D:2      | Killed Natasha
   904 | D:2      | Noticed Natasha
   908 | D:2      | Killed Natasha
   909 | D:2      | Reached XP level 6. HP: 53/61 MP: 5/5
  1404 | D:3      | Found a hazy altar of Hepliaklqana.
  1436 | D:3      | Identified the +2 ring mail "Gasy" {Dex+4}
  1488 | D:3      | Found a bloodstained altar of Trog.
  1688 | D:3      | Reached skill level 5 in Unarmed Combat
  2035 | D:4      | Found a glowing drain.
  2042 | Sewer    | Entered a sewer
  2077 | Sewer    | Noticed Pargi
  2091 | Sewer    | Killed Pargi
  2092 | Sewer    | Reached XP level 7. HP: 51/70 MP: 6/6
  2621 | D:4      | Reached skill level 6 in Unarmed Combat
  2835 | D:5      | Entered Level 5 of the Dungeon
  2838 | D:5      | Noticed Edmund
  2838 | D:5      | Noticed Pikel
  2840 | D:5      | Paralysed by Pikel for 4 turns
  2982 | D:5      | Killed Edmund
  3226 | D:5      | Paralysed by Pikel for 4 turns
  3236 | D:5      | Killed Pikel
  3237 | D:5      | Reached skill level 5 in Shields
  3237 | D:5      | Reached skill level 7 in Unarmed Combat
  3237 | D:5      | Reached XP level 8. HP: 73/79 MP: 7/7
  3242 | D:5      | Reached skill level 5 in Fighting
  3502 | D:5      | Reached skill level 8 in Unarmed Combat
  4362 | D:6      | Reached XP level 9. HP: 64/88 MP: 8/8
  4564 | D:6      | Found Biox's Lightly-Used Armoury.
  4731 | D:6      | Noticed Grinder
  4736 | D:6      | Paralysed by Grinder for 3 turns
  4741 | D:6      | Reached skill level 9 in Unarmed Combat
  4746 | D:6      | Killed Grinder
  4902 | D:6      | Found a runed translucent door.
  4903 | D:6      | Noticed Crazy Yiuf
  4909 | D:6      | Killed Crazy Yiuf
  5070 | D:6      | Found a basalt altar of Yredelemnul.
  5259 | D:7      | Reached skill level 10 in Unarmed Combat
  5522 | D:7      | Found an ancient bone altar of Kikubaaqudgha.
  5526 | D:7      | Found a shimmering blue altar of Sif Muna.
  5527 | D:7      | Found a radiant altar of Vehumet.
  5533 | D:7      | Got Kikubaaqudgha's Anthology of Blasphemous Mysteries
  5566 | D:7      | Found a staircase to the Ecumenical Temple.
  5573 | Temple   | Entered the Ecumenical Temple
  5936 | D:8      | Found Vykkul's Magic Scroll Boutique.
  5939 | D:8      | Bought a scroll of identify for 22 gold pieces
  5939 | D:8      | Bought a scroll of identify for 22 gold pieces
  5967 | D:8      | Reached XP level 10. HP: 75/100 MP: 9/9
  6133 | D:8      | Found a burning altar of Makhleb.
  6133 | D:8      | Found a sacrificial altar of Ru.
  6343 | D:8      | Found a flagged portal.
  6354 | Bailey   | Entered a bailey
  6372 | Bailey   | Noticed an orc knight
  6375 | Bailey   | Noticed an orc knight
  6459 | Bailey   | Identified the +11 whip "Voff" {speed, rElec rC+ Stlth-}
  6573 | Bailey   | Killed an orc knight
  6673 | Bailey   | Killed an orc knight
  6674 | Bailey   | Reached skill level 11 in Unarmed Combat
  7295 | D:9      | Noticed a death yak
  7296 | D:9      | Noticed a death yak
  7323 | D:8      | Killed a death yak
  7404 | D:9      | Noticed a death yak
  7439 | D:9      | Killed a death yak
  7440 | D:9      | Reached XP level 11. HP: 82/109 MP: 10/10
  7585 | D:9      | Reached skill level 12 in Unarmed Combat
  7835 | D:9      | Found an ornate altar of the Wu Jian Council.
  7835 | D:9      | Found a hide-covered altar of Uskayaw.
  7842 | D:9      | Became a worshipper of the Wu Jian Council
  7924 | D:9      | Noticed a green ugly thing
  7924 | D:9      | Noticed a purple ugly thing
  7926 | D:9      | Noticed a brown ugly thing
  7926 | D:9      | Noticed a tengu warrior
  7926 | D:9      | Noticed a brown ugly thing
  7926 | D:9      | Noticed a tengu warrior
  7948 | D:9      | Noticed a five-headed hydra
  7997 | D:9      | Found a staircase to the Lair.
  8375 | D:10     | Entered Level 10 of the Dungeon
  8736 | D:10     | Found a glowing silver altar of Zin.
  9125 | D:10     | Found a shadowy altar of Dithmenos.
  9210 | D:10     | Noticed a two-headed ogre
  9219 | D:10     | Killed a two-headed ogre
  9220 | D:10     | Reached skill level 5 in Dodging
  9347 | D:10     | Found a glowing golden altar of the Shining One.
  9376 | D:10     | Found a white marble altar of Elyvilon.
  9376 | D:10     | Found a stormy altar of Qazlal.
  9808 | D:10     | Identified the +1 helmet "Tiet" {Str+5}
  9900 | D:11     | Noticed a boulder beetle
  9909 | D:11     | Slain by a boulder beetle

Illustrated notes

Levels and vault maps discovered:
D:1:      grunt_arrival_crossed_arrows, layout_rooms,
          chequers_ecumenical_altar_island
D:2:      layout_basic, uniq_natasha, uniq_sigmund
D:3:      layout_rooms, trog_book, overflow_temple_1_default
D:4:      layout_loops_ring, gup_sewer_entry_bubbles, serial_bayou_pond_d
D:5:      layout_basic, uniq_edmund, uniq_pikel
D:6:      layout_loops_ring, lemuel_mausoleum_altar_yredelemnul,
          minmay_shop_damaged, minmay_circle_x, uniq_grinder,
          uniq_crazy_yiuf_cottage
D:7:      layout_cave_pools, grunt_temple_overflow_magic_moments,
          minmay_temple_entry_mist, minmay_misc_feat_pillars, nrook_uturn
D:8:      layout_basic, gammafunk_temple_overflow_elements, serial_shops, shop,
          enter_bailey_5
D:9:      layout_irregular_city, gammafunk_temple_overflow_pools,
          dpeg_lair_monsters, minmay_hedge_maze, nicolae_lava_and_water,
          minivault_12
D:10:     layout_layer_cave, minitemple, kennysheep_mini,
          mainiacjoe_overflow_cross_hatched, kennysheep_generic_room_13
D:11:     layout_roguey, hangedman_decor_points, uniq_urug, uniq_fannar
Temple:   nicolae_temple_great_sept

Skill      XL: |  1  2  3  4  5  6  7  8  9 10 11 |
---------------+----------------------------------+-----
Shields        | 3 4 5 6 7 8 |  8.5
Fighting       | 3 4 5 6 7 |  7.8
Unarmed Combat | 4 5 7 8 10 11 12 | 12.5
Dodging        | 4 5 |  5.1

Action                   |  1- 3 |  4- 6 |  7- 9 | 10-12 || total
-------------------------+-------+-------+-------+-------++-------
Melee: Unarmed           |    44 |   146 |   283 |   348 ||   821
Throw: Dart              |       |     5 |    14 |    15 ||    34
Invok: Lunge             |       |       |       |     8 ||     8
  Use: Potion            |     1 |       |       |     7 ||     8
       Scroll            |       |     4 |     9 |     5 ||    18
Armor: Robe              |    11 |    40 |    51 |    10 ||   112
       Steam dragon scal |       |       |       |    56 ||    56
       Acid dragon scale |       |       |       |    17 ||    17
Dodge: Dodged            |    13 |    50 |   108 |   124 ||   295
Block: Kite shield       |    19 |    46 |    81 |   147 ||   293
